 Dungeon Crawl Stone Soup version 0.29-a0-289-g2178c42546 (webtiles) character file.

Game seed: 2426132465594283333

631 Dabor the Shield-Bearer (level 7, -3/48 HPs)
             Began as a Gargoyle Fighter on Mar 17, 2022.
             Was an Initiate of Nemelex Xobeh.
             Slain by an iguana (9 damage)
             ... on level 5 of the Dungeon.
             The game lasted 00:10:18 (3780 turns).

Dabor the Shield-Bearer (Gargoyle Fighter)          Turns: 3780, Time: 00:10:19

Health: -3/48      AC: 13    Str: 27    XL:     7   Next: 48%
Magic:  7/7        EV:  9    Int:  8    God:    Nemelex Xobeh [......]
Gold:   228        SH:  4    Dex:  4    Spells: 6/6 levels left

rFire   + + .      SeeInvis .   f - +2 flail (vorpal)
rCold   + . .      Faith    .   c - +0 buckler
rNeg    + + +      Spirit   .   b - +0 scale mail
rPois   ∞          Reflect  .   (helmet restricted)
rElec   +          Harm     .   l - +0 cloak
rCorr   .          Rampage  .   (no gloves)
Will    +....                   (no boots)
Stlth   ..........              e - amulet of regeneration
HPRegen 0.96/turn               m - ring "Fouwaimm" {rC+ rN++ Str+5 Dex-5}
MPRegen 0.10/turn               (no ring)

@: no status effects
A: sickness immunity, AC +4, negative energy resistance 1, electricity
resistance, torment resistance 1, petrification resistance, antennae 1, fire
resistance 2, strong-willed 1, robust 1
a: Renounce Religion, Draw Escape, Draw Destruction, Draw Summoning


You were on level 5 of the Dungeon.
You worshipped Nemelex Xobeh.
Nemelex Xobeh was noncommittal.
You visited 1 branch of the dungeon, and saw 5 of its levels.
You also visited: Sewer.

You collected 228 gold pieces.

Inventory:

Hand Weapons
 a - a +0 flail
 f - a +2 vorpal flail (weapon)
Missiles
 q - 2 silver boomerangs (quivered)
Armour
 b - a +0 scale mail (worn)
 c - a +0 buckler (worn)
 l - a +0 cloak (worn)
Jewellery
 e - an amulet of regeneration (around neck)
 m - the ring "Fouwaimm" (left hand) {rC+ rN++ Str+5 Dex-5}
   (You found it on level 2 of the Dungeon)

   [ring of protection from cold]

   Str:       It affects your strength (+5).
   Dex:       It affects your dexterity (-5).
   rC:        It protects you from cold.
   rN:        It greatly protects you from negative energy.
 p - a ring of fire
 y - a ring of resist corrosion
Wands
 j - a wand of flame (8)
Scrolls
 g - a scroll of brand weapon
 k - a scroll of blinking
 n - 2 scrolls of teleportation
 r - a scroll of vulnerability
 v - a scroll of silence {unknown}
 w - a scroll of amnesia {unknown}
 x - a scroll of enchant weapon
Potions
 d - a potion of might
 h - 2 potions of heal wounds {unknown}
 i - 3 potions of degeneration {unknown}
 o - 2 potions of attraction {unknown}
 s - 2 potions of curing
 t - 2 potions of flight
 u - a potion of lignification {unknown}


   Skills:
 + Level 5.4 Fighting
 + Level 4.3 Maces & Flails
 + Level 5.3 Armour
 + Level 5.4 Shields


You had 6 spell levels left.
You didn't know any spells.
Your spell library contained the following spells:

 Spells                   Type           Power      Damage    Failure   Level
 Freeze                   Ice            0%         1d3       75%         1
 Slow                     Hex            0%         N/A       75%         1
 Summon Small Mammal      Summ           0%         N/A       75%         1
 Scorch                   Fire           0%         2d5       87%         2
 Wereblood                Tmut           0%         N/A       87%         2
 Call Canine Familiar     Summ           0%         N/A       98%         3
 Confusing Touch          Hex            0%         N/A       98%         3
 Frozen Ramparts          Ice            0%         1d2       98%         3
 Ozocubu's Armour         Ice            0%         N/A       98%         3
 Summon Guardian Golem    Hex/Summ       0%         N/A       98%         3
 Vampiric Draining        Necr           0%         2d6       98%         3
 Animate Dead             Necr           0%         N/A       100%        4
 Flame Wave               Conj/Fire      0%         2d4       100%        4
 Hailstorm                Conj/Ice       0%         3d3       100%        4
 Metabolic Englaciation   Hex/Ice        0%         N/A       100%        5
 Simulacrum               Ice/Necr       0%         N/A       100%        6
 Summon Cactus Giant      Summ           0%         N/A       100%        6
 Haunt                    Necr/Summ      0%         N/A       100%        7
 Summon Hydra             Summ           0%         N/A       100%        7
 Infestation              Necr           0%         N/A       100%        8
 Sublimation of Blood     Necr           Unusable   N/A       N/A         2

Dungeon Overview and Level Annotations

Branches:
Dungeon (5/15)              Sewer (visited)
 Temple: D:4-7

Altars:
Nemelex Xobeh
Vehumet
Xom


Innate Abilities, Weirdness & Mutations

You are immune to sickness and miasma.
Your stone body is resilient. (AC +4)
You are immune to poison.
You resist negative energy. (rN+)
You are resistant to electric shocks. (rElec)
You are resistant to unholy torment.
You are immune to petrification.
You have a pair of small antennae on your head.
Your flesh is very heat resistant. (rF++)
You are strong-willed. (Will+)
You are robust. (+10% HP)


Message History

The iguana bites you.
You hit the iguana.
The iguana is almost dead.
The iguana bites you.
An orc comes into view. It is wielding a +0 hand axe.
You hit the iguana but do no damage.
The iguana is almost dead.
The iguana completely misses you.
You barely miss the iguana.
The iguana is almost dead.
The iguana bites you.
The iguana bites you but does no damage. x2
The iguana bites you. The iguana attacks as you move away!
You block the iguana's attack. The iguana closely misses you.
The iguana attacks as you move away! The iguana barely misses you.
The iguana attacks as you move away!
The iguana bites you but does no damage.
The iguana attacks as you move away! You block the iguana's attack.
The orc priest looks satisfied for a moment.
You barely miss the iguana.
The iguana is almost dead.
The orc priest calls down the wrath of Beogh upon you.
Beogh smites you! The iguana bites you!
You barely miss the iguana.
The iguana is almost dead.
The iguana barely misses you.
You barely miss the iguana.
The iguana is almost dead.
The iguana bites you.
You sock the iguana!
You kill the iguana!
You barely miss the iguana.
The orc priest invokes the aid of Beogh against you.
Beogh smites you!
* * * LOW HITPOINT WARNING * * *
The iguana bites you but does no damage.
The iguana bites you!
You die...
Your body disappears without a glow.

+......<..............
####......#'###.######
#......#.# #.# . # #......#.#
#.## .. #. #....<.#.# #..# .. #.
#......#.# ##.## .###.#.###
########.# #..#
.........############.#####.####
..........oo.ol@................
###..#+#.############.#####..###
.........# ........#.### ##.##
.........#..........+...# #..#
........o...........#.#.# ##.##
........o.............#.#####.##
........###.##+#####.#.......)..
........+ .# #....+.....#...#
........# # #.##.#...).#.#.#


You could see an iguana, an orc priest, an orc wizard and an orc.

Vanquished Creatures
  An ice beast (D:5)
  A kobold brigand (Sewer)
  A scorpion (D:4)
  2 orc priests
  A hound (D:4)
  Terence (D:3)
  2 iguanas
  An orc wizard (D:4)
  4 gnolls (D:2)
  A river rat (Sewer)
  4 adders
  A worm (D:2)
  2 dart slugs
  15 orcs
  2 bats
  6 endoplasms
  4 giant cockroaches
  4 goblins
  5 hobgoblins
  10 jackals
  6 quokkas
  4 ball pythons
  4 frilled lizards
  10 kobolds
  9 rats
101 creatures vanquished.

Vanquished Creatures (collateral kills)
  An orc wizard (D:4)
  A worm (D:4)
  2 orcs (D:4)
  A ball python (D:4)
  A goblin (D:4)
6 creatures vanquished.

Grand Total: 107 creatures vanquished

Notes
Turn   | Place    | Note
-------+----------+-------------------------------------------
     0 | D:1      | Dabor the Gargoyle Fighter began the quest for the Orb.
     0 | D:1      | Reached XP level 1. HP: 14/14 MP: 1/1
   448 | D:1      | Reached XP level 2. HP: 19/19 MP: 2/2
   505 | D:1      | Found a faded altar of an unknown god.
   814 | D:1      | Prayed at the altar of an unknown god.
   814 | D:1      | Became a worshipper of Xom the Psychopath
   857 | D:2      | XOM: silly message
   912 | D:2      | Identified the ring "Fouwaimm" {rC+ rN++ Str+5 Dex-5}
   949 | D:2      | Found a radiant altar of Vehumet.
   993 | D:2      | Reached XP level 3. HP: 23/23 MP: 3/3
  1025 | D:2      | XOM: silly message
  1040 | D:2      | Reached XP level 4. HP: 23/29 MP: 4/4
  1223 | D:2      | XOM: divination: detect creatures
  1316 | D:2      | XOM: divination: detect creatures
  1372 | D:2      | XOM: divination: detect items
  1714 | D:3      | Noticed Terence
  1721 | D:3      | Killed Terence
  1722 | D:3      | Reached XP level 5. HP: 27/33 MP: 5/5
  2189 | D:3      | XOM: summons 3 hostile demons
  2423 | D:4      | XOM: summons friendly quasit
  2440 | D:4      | Reached XP level 6. HP: 38/39 MP: 6/6
  2471 | D:4      | Found a glowing drain.
  2483 | Sewer    | Entered a sewer
  2487 | Sewer    | XOM: silly message
  2654 | Sewer    | Found a glowing silver altar of Zin.
  2832 | D:4      | XOM: god gift: bubbling pink potion {god gift}
  3116 | D:4      | XOM: 1-stop teleportation journey
  3173 | D:4      | XOM: cast spell 'Monstrous Menagerie'
  3174 | D:4      | Reached skill level 5 in Fighting
  3174 | D:4      | Reached skill level 5 in Armour
  3174 | D:4      | Reached skill level 5 in Shields
  3177 | D:4      | Reached XP level 7. HP: 44/44 MP: 7/7
  3290 | D:4      | XOM: summons 4 hostile demons
  3294 | D:4      | XOM: give mutation
  3294 | D:4      | Gained mutation: Your flesh is heat resistant. (rF+) [Xom's
                  | grace]
  3344 | D:4      | XOM: give mutations
  3344 | D:4      | Gained mutation: Your flesh is very heat resistant. (rF++)
                  | [Xom's grace]
  3344 | D:4      | Gained mutation: You have a pair of small antennae on your
                  | head. [Xom's grace]
  3344 | D:4      | Gained mutation: You are robust. (+10% HP) [Xom's grace]
  3344 | D:4      | Gained mutation: You are strong-willed. (Will+) [Xom's
                  | grace]
  3509 | D:4      | Found a sparkling altar of Nemelex Xobeh.
  3512 | D:4      | Fell from the grace of Xom
  3512 | D:4      | Became a worshipper of Nemelex Xobeh the Trickster
  3524 | D:5      | Entered Level 5 of the Dungeon
  3780 | D:5      | Slain by an iguana

Illustrated notes

Levels and vault maps discovered:
D:1:      mushboom_english_gardens, layout_loops_ring,
          hellmonk_ecumenical_altar_pennies_from_heaven
D:2:      layout_basic, basic_altar, minmay_misc_feat_columns,
          chequers_serial_rivers_micro_a, palyth_stone_intersect,
          minmay_tetromino_t4
D:3:      layout_basic, minivault_5, guppyfry_early_lair_pool, uniq_terence
D:4:      layout_loops_corners, kennysheep_mini_moat,
          cheibrodos_sewer_entry_sluice, serial_glass, glass_columns_a,
          glass_columns_b, glass_columns_a, minmay_starry_boxes
D:5:      layout_basic, grunt_decor_fettered, uniq_pikel

Skill      XL: |  1  2  3  4  5  6 |
---------------+-------------------+-----
Fighting       | 4 5 |  5.4
Shields        | 4 5 |  5.4
Armour         | 4 5 |  5.3
Maces & Flails | 3 4 |  4.3

Action                   |  1- 3 |  4- 6 |  7- 9 || total
-------------------------+-------+-------+-------++-------
Melee: Flail             |    87 |   241 |    63 ||   391
Throw: Boomerang         |       |     4 |     2 ||     6
  Use: Scroll            |       |     9 |       ||     9
 Stab: Distracted        |       |     1 |       ||     1
Armor: Scale mail        |    29 |   236 |    30 ||   295
Dodge: Dodged            |    55 |   178 |    38 ||   271
Block: Buckler           |    17 |    74 |    14 ||   105

Table legend: (Time is in decaauts)
 A = Elapsed time spent in this place.
 B = Non-inter-level travel time spent in this place.
 C = Inter-level travel time spent in this place.
 D = Time resting spent in this place.
 E = Time spent auto-exploring this place.
 F = Levels seen in this place.
 G = Mean time per level.
                   A        B        C        D        E       F      G
               +--------+--------+--------+--------+--------+-----+--------+
         Total |   3927 |   3756 |    171 |      0 |   2651 |   6 |  654.5 |
       Dungeon |   3674 |   3503 |    171 |      0 |   2528 |   5 |  734.8 |
         Sewer |    252 |    252 |      0 |      0 |    123 |   1 |  252.0 |
               +--------+--------+--------+--------+--------+-----+--------+

Top non-repeatable levels by time:
     D:4: 1073 daAuts
     D:3: 860 daAuts
     D:1: 839 daAuts
     D:2: 688 daAuts
   Sewer: 252 daAuts
     D:5: 213 daAuts
